 Dungeon Crawl Stone Soup version 0.22.1-2-g9c5b331 (webtiles) character file.

12042 delarado the Arsonist (level 11, 0/60 HPs)
             Began as a Deep Elf Fire Elementalist on Dec 26, 2018.
             Was a High Priest of Vehumet.
             Slain by a yak (15 damage)
             ... on level 11 of the Dungeon.
             The game lasted 01:04:40 (19972 turns).

delarado the Arsonist (Deep Elf Fire Elementalist) Turns: 19972, Time: 01:04:41

Health: 0/60       AC:  4    Str:  5    XL:     11   Next: 57%
Magic:  1/20       EV: 17    Int: 29    God:    Vehumet [*****.]
Gold:   400        SH:  0    Dex: 22    Spells: 7/20 levels left

rFire    . . .     SeeInvis .   J - +0 dagger of Brutal Revenge {pierce, +Fly Int+5 Dex+3}
rCold    . . .     Gourm    .   (no shield)
rNeg     . . .     Faith    +   a - +0 robe
rPois    .         Spirit   .   M - +0 helmet of the Armadillo {+Fly}
rElec    .         Reflect  .   (no cloak)
rCorr    .         Harm     .   (no gloves)
MR       ++...                  N - +0 pair of boots
Stlth    +++.......             D - amulet of faith
HPRegen  0.20/turn              u - ring of protection from magic
MPRegen  0.17/turn              t - +4 ring of dexterity

@: no status effects
A: no striking features
a: Renounce Religion, Evoke Flight


You were on level 11 of the Dungeon.
You worshipped Vehumet.
Vehumet was extremely pleased with you.
You were not hungry.

You visited 2 branches of the dungeon, and saw 12 of its levels.
You also visited: Bailey.

You collected 587 gold pieces.
You spent 187 gold pieces at shops.

Inventory:

Hand Weapons
 b - a +0 short sword
 h - a +0 hand axe
 l - a -1 dagger
 n - a +1 whip of venom
 s - a +0 hunting sling
 I - a +0 blowgun
 J - the +0 dagger of Brutal Revenge (weapon) {pierce, +Fly Int+5 Dex+3}
   (You found it on level 8 of the Dungeon)

   It inflicts extra damage upon your enemies.
   It affects your intelligence (+5).
   It affects your dexterity (+3).
   It lets you fly.
Missiles
 e - 247 stones (quivered)
 r - 102 sling bullets
Armour
 a - a +0 robe (worn)
 M - the +0 helmet of the Armadillo (worn) {+Fly}
   (You found it in a bailey)

   It lets you fly.
 N - a +0 pair of boots (worn)
Magical Staves
 O - an uncursed staff of earth
Jewellery
 g - an uncursed amulet of guardian spirit
 k - an uncursed ring of flight
 t - a +4 ring of dexterity (right hand)
 u - a ring of protection from magic (left hand)
 D - an amulet of faith (around neck)
 F - an uncursed amulet of regeneration {unknown}
 R - an uncursed amulet of the acrobat {unknown}
Wands
 d - a wand of paralysis (10)
 y - a wand of iceblast (11)
 K - a wand of enslavement (15)
Scrolls
 f - 2 scrolls of vulnerability
 i - 3 scrolls of amnesia
 p - 2 scrolls of remove curse
 q - a scroll of teleportation
 B - a scroll of enchant armour
 C - a scroll of fog
 E - 2 scrolls of identify
 G - a scroll of enchant weapon
 Q - a scroll of magic mapping
Potions
 j - a potion of berserk rage
 m - 8 potions of curing
 o - 3 potions of agility
 v - 2 potions of invisibility
 w - 2 potions of might
 x - a potion of haste
 z - 3 potions of lignification
 A - 4 potions of mutation
 H - a potion of flight
 L - 2 potions of ambrosia {unknown}
 P - a potion of resistance {unknown}
 S - a potion of heal wounds
Comestibles
 c - 9 rations


   Skills:
 + Level 3.7 Fighting
 + Level 6.1 Dodging
 - Level 2.4 Stealth
 - Level 5.3 Spellcasting
 - Level 13.0 Conjurations
 - Level 13.0 Fire Magic


You had 7 spell levels left.
You knew the following spells:

 Your Spells              Type           Power        Failure   Level  Hunger
a - Flame Tongue          Conj/Fire      #####        1%          1    None
b - Conjure Flame         Conj/Fire      ######..     1%          3    None
c - Sticky Flame          Conj/Fire      ######..     1%          4    ###....
d - Fireball              Conj/Fire      ######....   1%          5    #####..

Your spell library contained the following spells:

 Spells                   Type           Power        Failure   Level  Hunger
 Bolt of Magma            Conj/Fire/Erth ######....   1%          5    #####..
 Sting                    Conj/Pois      ####         1%          1    None
 Throw Flame              Conj/Fire      ######       1%          2    None
 Inner Flame              Hex/Fire       #####...     1%          3    None
 Apportation              Tloc           #.....       6%          1    None
 Beastly Appendage        Tmut           #.....       6%          1    None
 Confusing Touch          Hex            #.....       6%          1    None
 Infusion                 Chrm           #...         6%          1    None
 Pain                     Necr           #...         6%          1    None
 Summon Small Mammal      Summ           #...         6%          1    None
 Sticks to Snakes         Tmut           #.......     10%         2    None
 Confuse                  Hex            #.......     19%         3    None
 Gell's Gravitas          Tloc           #.........   19%         3    None
 Spider Form              Tmut/Pois      #.........   19%         3    None
 Yara's Violent Unravell  Hex/Tmut       #.........   38%         5    #####..
 Ice Form                 Ice/Tmut       #.......     52%         4    ###....
 Petrify                  Tmut/Erth      #.......     52%         4    ###....
 Blade Hands              Tmut           #.........   86%         5    #####..
 Metabolic Englaciation   Hex/Ice        #.........   86%         5    #####..


Dungeon Overview and Level Annotations

Branches:
Dungeon (11/15)            Temple (1/1) D:4            Lair (0/6) D:11
    Orc: D:9-12

Altars:
Ashenzari
Cheibriados
Dithmenos
Elyvilon
Fedhas
Gozag
Hepliaklqana
Kikubaaqudgha
Makhleb
Nemelex Xobeh
Okawaru
Qazlal
Ru
Sif Muna
Trog
Uskayaw
Vehumet
Wu Jian
Xom
Yredelemnul
Zin
The Shining One

Shops:
D:5 ?

Annotations:
D:2 1 runed door
D:4 2 transporters, ThisFiasco's ghost, amateur DsBe
D:6 Grinder


Message History

Casting: Fireball (safe; 1% risk of failure)
Confirm with . or Enter, or press ? or * to list all spells.
You don't have enough magic to cast that spell.
Unknown command.
The yak snorts and paws the ground.
The death yak gores you!!
Things that are here:
a leather armour; a dagger
Casting: Fireball (safe; 1% risk of failure)
Confirm with . or Enter, or press ? or * to list all spells.
Aiming: Sticky Flame (safe; 1% risk of failure)
Press: ? - help, Shift-Dir - straight line, f/p - death yak
Aim: a death yak (severely wounded)
The sticky flame hits the death yak.
The death yak is severely wounded.
The death yak is covered in liquid flames!
The death yak burns!
The death yak gores you!!
* * * LOW HITPOINT WARNING * * *
The death yak burns!
The death yak barely misses you. The yak gores you!
You die...

#..........######.......
#..........#....'.......
#..........#.####.......
#..........#.# #.......
#..........#.# #.......
#..........#.# #.......
#..........#.# #......[
#...<..YY....####.....[.
#......@....[.#.........
###.#########.....[.....
#,* #..(.[...... *,*
#........... **,*
###..#..>.#. *,,*
#.......... *,**
#.....#.... *,*
##......... *,*
##.##.....


You could see a death yak (burning) and a yak.

Vanquished Creatures
  2 death yaks (D:11)
  3 orc knights (Bailey)
  Pikel (D:4)
  2 kobold demonologists (Bailey)
  A hornet (D:11)
  Prince Ribbit (D:7)
  2 hippogriffs
  A wraith (D:10)
  12 yaks
  A hungry ghost (D:11)
  Eustachio (D:5)
  A soldier ant (D:11)
  A porcupine (D:11)
  14 orc warriors
  5 sky beasts
  A black bear (D:7)
  3 slaves (D:4)
  A phantom (D:11)
  An ice beast (D:7)
  3 ogres
  5 centaurs
  4 bullfrogs
  2 scorpions
  5 killer bees
  5 electric eels (Bailey)
  9 wights
  A howler monkey (D:7)
  2 bullfrog zombies
  2 quasits
  6 hounds
  2 jellies (D:7)
  3 orc priests
  8 orc wizards
  A bullfrog skeleton (D:6)
  A gnoll shaman (D:5)
  2 centaur skeletons
  5 iguanas
  6 worker ants
  A hell rat (D:11)
  2 hound skeletons
  A worker ant zombie (D:5)
  15 gnolls
  A river rat (D:6)
  10 adders
  3 shadow imps
  4 oozes
  An adder skeleton (D:5)
  5 worms
  2 dart slugs
  5 leopard geckos
  39 orcs
  8 bats
  8 giant cockroaches
  2 gnoll zombies (D:7)
  29 goblins
  15 hobgoblins
  9 jackals
  9 quokkas
  4 ball pythons
  6 frilled lizards
  10 kobolds
  26 rats
341 creatures vanquished.

Notes
Turn   | Place    | Note
-------+----------+-------------------------------------------
     0 | D:1      | delarado the Deep Elf Fire Elementalist began the quest for
                  | the Orb.
     0 | D:1      | Reached XP level 1. HP: 10/10 MP: 6/6
   256 | D:1      | Reached XP level 2. HP: 15/15 MP: 5/8
   924 | D:1      | Reached XP level 3. HP: 19/19 MP: 6/9
   929 | D:1      | Learned a level 3 spell: Conjure Flame
  1794 | D:2      | Reached XP level 4. HP: 24/24 MP: 8/10
  1903 | D:2      | Found a runed door.
  2935 | D:3      | Reached skill level 5 in Fire Magic
  3110 | D:3      | Reached XP level 5. HP: 28/28 MP: 6/11
  3153 | D:3      | Learned a level 4 spell: Sticky Flame
  4727 | D:4      | Found a staircase to the Ecumenical Temple.
  4736 | Temple   | Entered the Ecumenical Temple
  4803 | Temple   | Became a worshipper of Vehumet
  4946 | D:4      | Found a glowing golden altar of the Shining One.
  4979 | D:4      | Reached XP level 6. HP: 32/32 MP: 9/12
  5058 | D:4      | Found a transporter.
  5061 | D:4      | Noticed ThisFiasco's ghost (amateur DsBe)
  5251 | D:4      | Found a transporter.
  5444 | D:4      | Reached skill level 5 in Conjurations
  5476 | D:4      | Noticed a slave
  5476 | D:4      | Noticed a slave
  5493 | D:4      | Killed a slave
  5779 | D:5      | Entered Level 5 of the Dungeon
  6008 | D:5      | Noticed Eustachio
  6076 | D:4      | Noticed a slave
  6092 | D:4      | Killed a slave
  6168 | D:4      | Killed a slave
  6217 | D:4      | Noticed Pikel
  6224 | D:4      | Noticed a slave
  6252 | D:4      | Killed Pikel
  6252 | D:4      | Reached XP level 7. HP: 17/36 MP: 0/13
  6649 | D:5      | Found Gysch's Magic Scroll Shoppe.
  7066 | D:6      | Reached * piety under Vehumet
  7066 | D:6      | Offered knowledge of Magic Dart by Vehumet.
  7066 | D:6      | Reached XP level 8. HP: 8/41 MP: 8/14
  7580 | D:6      | Noticed Grinder
  7876 | D:5      | Killed Eustachio
  8051 | D:5      | Bought a scroll of teleportation for 45 gold pieces
  8051 | D:5      | Bought a scroll of fear for 52 gold pieces
  8051 | D:5      | Bought a scroll of identify for 30 gold pieces
  8051 | D:5      | Bought a scroll of identify for 30 gold pieces
  8051 | D:5      | Bought a scroll of fog for 30 gold pieces
  8105 | D:5      | Found a sacrificial altar of Ru.
  8834 | D:6      | Learned a level 5 spell: Fireball
  9409 | D:7      | Found a deep blue altar of Sif Muna.
  9449 | D:7      | Reached ** piety under Vehumet
  9461 | D:7      | HP: 2/41 [orc warrior/trident (6)]
  9809 | D:7      | Noticed a hippogriff
  9824 | D:7      | Killed a hippogriff
  9824 | D:7      | Offered knowledge of Sandblast by Vehumet.
  9824 | D:7      | Reached XP level 9. HP: 19/45 MP: 4/15
 10029 | D:7      | Reached skill level 10 in Fire Magic
 10576 | D:7      | Noticed Prince Ribbit
 10610 | D:7      | Killed Prince Ribbit
 10610 | D:7      | Reached skill level 10 in Conjurations
 11240 | D:7      | Found a basalt altar of Yredelemnul.
 11242 | D:7      | Offered knowledge of Ignite Poison by Vehumet.
 11370 | D:7      | Found a shattered altar of Ashenzari.
 11455 | D:7      | HP: 2/45 [orc warrior/trident (18)]
 12443 | D:8      | Reached *** piety under Vehumet
 12759 | D:8      | Found a sparkling altar of Nemelex Xobeh.
 12949 | D:8      | Got an ebony dagger
 12950 | D:8      | Identified the cursed +0 dagger of Brutal Revenge {pierce,
                  | +Fly Int+5 Dex+3} (You found it on level 8 of the Dungeon)
 13504 | D:9      | Offered knowledge of Mephitic Cloud by Vehumet.
 13564 | D:9      | Reached skill level 1 in Fighting
 13973 | D:9      | Found an iron altar of Okawaru.
 14043 | D:9      | Reached XP level 10. HP: 48/52 MP: 10/16
 14425 | D:10     | Entered Level 10 of the Dungeon
 14477 | D:10     | Found a flagged portal.
 14486 | Bailey   | Entered a bailey
 14500 | Bailey   | Noticed an orc knight
 14509 | Bailey   | Killed an orc knight
 14621 | Bailey   | Noticed an orc knight
 14631 | Bailey   | Killed an orc knight
 15103 | Bailey   | Reached **** piety under Vehumet
 15206 | Bailey   | Offered knowledge of Lightning Bolt by Vehumet.
 15396 | Bailey   | Found an iron altar of Okawaru.
 15591 | Bailey   | Got a translucent helmet
 15597 | Bailey   | Identified the cursed +0 helmet of the Armadillo {+Fly}
                  | (You found it in a bailey)
 15663 | Bailey   | Noticed an orc knight
 15666 | Bailey   | Killed an orc knight
 16081 | Bailey   | Identified Niuman's Witchery for Beginners (You acquired it
                  | in a bailey)
 17035 | D:10     | Reached XP level 11. HP: 56/56 MP: 12/17
 17843 | D:10     | Reached ***** piety under Vehumet
 18308 | D:11     | Noticed a death yak
 18308 | D:11     | Noticed a death yak
 18310 | D:11     | Offered knowledge of Bolt of Magma by Vehumet.
 18919 | D:11     | Found a staircase to the Lair.
 18919 | D:11     | Noticed a death yak
 19008 | D:11     | Killed a death yak
 19008 | D:11     | Reached skill level 5 in Dodging
 19187 | D:11     | Reached skill level 5 in Spellcasting
 19918 | D:11     | Found a staircase to the Lair.
 19943 | D:11     | Killed a death yak
 19972 | D:11     | Slain by a yak

Skill      XL: |  1  2  3  4  5  6  7  8  9 10 11 |
---------------+----------------------------------+-----
Conjurations   | 2 3 4 6 7 9 10 12 13 | 13.0
Fire Magic     | 4 5 7 9 11 13 | 13.0
Dodging        | 3 6 |  6.1
Fighting       | 1 3 |  3.7
Spellcasting   | 5 |  5.3
Stealth        | |  2.4

Action                   |  1- 3 |  4- 6 |  7- 9 | 10-12 || total
-------------------------+-------+-------+-------+-------++-------
Melee: Dagger            |       |       |       |    58 ||    58
 Fire: Hunting sling     |       |    36 |    56 |       ||    92
Throw: Stone             |    19 |    60 |    23 |    28 ||   130
 Cast: Flame Tongue      |    85 |   160 |   144 |   114 ||   503
       Conjure Flame     |       |     5 |    10 |     1 ||    16
       Sticky Flame      |       |     4 |    48 |    52 ||   104
       Fireball          |       |       |     8 |    45 ||    53
Evoke: Wand              |       |       |       |     5 ||     5
  Use: Scroll            |       |     9 |    15 |     4 ||    28
       Potion            |       |     1 |     1 |     1 ||     3
 Stab: Paralysed         |       |       |       |     2 ||     2
  Eat: Chunk             |     2 |    12 |    22 |    19 ||    55
       Ration            |       |     1 |     4 |     6 ||    11
Armor: Robe              |     3 |     3 |     6 |    18 ||    30
Dodge: Dodged            |    13 |    19 |    81 |    79 ||   192
